Zazza, neutral female human Tourist --------- ---------------- -------- |`.......######|...%._........|########## |..{...| |.......| ##................# -----# ##.......| |.......|######|..............| #-<..|# ----- ###|......-# ------.-- ####|..............| ###|...|#######-...| ### --------# # # #-----.---------- # |...| |...| ### # # # ######@f########### #-...| |...|### # # # # ###---|- #....|## # ### # # # # ###-----# # # # # ### # # #### # -------.--# ### # ### ### # # |........-# # ###` ### # # ### # |...`....| -.----.- # ---.-# # # |........| |.....>.########## |...-# ### ### |........| |......| # |...| # #----------- |..{.....| |.......## |...-#### #-..[[)[[.[| ---------- -------- ----- |.[[[[.[)[| |.[[[[[[[.| ----------- Zazza the Rambler Experience level: 1 Strength: 25 Dexterity: 13 Constitution: 15 Intelligence: 12 Wisdom: 8 Charisma: 13 Health: 0(10) Energy: 2(2) Def: 2 Gold: 89 Moves: 2007 Dungeon seed: hMs-o14ZAOltRYw8 Game ID: Zazza_1536420437 Your Inventory: Coins $ - 89 gold pieces Weapons a - 24 +2 darts (in quiver) q - 6 +0 darts J - a cursed +0 elven dagger Armor e - an uncursed +0 Hawaiian shirt (being worn) r - an uncursed +0 pair of gauntlets of dexterity N - an uncursed +0 pair of gauntlets of power (being worn) Y - an uncursed +0 pair of kicking boots (being worn) Comestibles d - 4 uncursed food rations i - 2 uncursed tripe rations Scrolls k - 2 uncursed scrolls of magic mapping v - an uncursed scroll of light Spellbooks n - an uncursed spellbook of light L - an uncursed spellbook of invisibility Potions j - 2 uncursed potions of extra healing z - an uncursed potion of gain energy A - a cursed potion of blindness K - an uncursed potion of restore ability Rings s - an uncursed ring of protection from shape changers (on left hand) Wands o - a wand of light (0:11) Tools l - an expensive camera (0:94) m - an uncursed credit card Gems y - an uncursed garnet stone Spells and supernatural/magical abilities: Name Level Category Fail Memory W - pray for help -- divine ? -- Your skills at the end: Fighting Skills Weapon Skills dart [Basic] Spellcasting Skills Final Attributes: You were nominally aligned. You were protected from shape changers. You were unlucky. You are dead. Vanquished creatures: a gas spore a hobbit a green mold 3 geckos 2 jackals 3 sewer rats 5 grid bugs 2 lichens 3 kobold zombies 7 newts 28 creatures vanquished. Voluntary challenges: You never hit with a wielded weapon. You read items or engraved 4 times, starting on turn 113. You never genocided any monsters. You never polymorphed an object. You never changed form. You used no wishes. You never split a pudding. You never wrote Elbereth's name. You never violated your personal moral code. Dungeon overview: The Dungeons of Doom: levels 1 to 3 Level 1 a long staircase Level 2 a general store, an altar to The Lady, a fountain a long staircase Level 3 <- You were here an armor shop, an altar to Blind Io, some fountains History has recorded: On T:1 you entered the Dungeons of Doom to retrieve the Amulet of Yendor! On T:411 you reached level 2 of The Dungeons of Doom. On T:1150 you reached level 3 of The Dungeons of Doom. Score breakdown: Gold: 0 ( 0 points) Experience: 1 level ( 0 points) Exploration: 3 levels ( 5.88%) ( 6000 points) Discoveries: 3 items ( 1.01%) ( 3010 points) Valuables value: (no points given unless you survive) Artifact value: 0 ( 0 points) Variety of kills: 10 monsters ( 2.62%) ( 4860 points) Turncount: 2007 turns ( -6 points) Survival: died (score multiplied by 80%) Total score: 11091 Latest messages: You kill the gecko! You stop changing your equipment. You stop changing your equipment. Armand bites the jackal. The jackal is killed! Armand misses the jackal. The jackal bites Armand. Armand bites the jackal. The jackal is killed! Armand eats a jackal corpse. You displace Armand. You kill the gas spore! Armand is caught in the gas spore's explosion! You are caught in the gas spore's explosion! Final status: Aloha Zazza the Tourist, killed by a gas spore's explosion... You died in The Dungeons of Doom on dungeon level 3 with 11091 points, and 89 pieces of gold, after 2007 moves. You were level 1 with a maximum of 10 hit points when you died.